 Dungeon Crawl Stone Soup version 0.30.0-20-g3615ddf2f0 (webtiles) character file.

Game seed: 17815361952388091259

204550 qw the Peltast (level 19, -4/124 HPs)
             Began as a Gargoyle Fighter on May 28, 2023.
             Was a High Priest of Okawaru.
             Constricted to death by a naga warrior (6 damage)
             ... on level 4 of the Snake Pit.
             The game lasted 00:17:11 (30919 turns).

qw the Peltast (Gargoyle Fighter)                  Turns: 30919, Time: 00:17:12

Health: -4/124     AC: 57    Str: 38    XL:     19   Next: 9%
Magic:  26/26      EV: 10    Int: 14    God:    Okawaru [*****.]
Gold:   1267       SH: 27    Dex: 12    Spells: 18/18 levels left

rFire   . . .        v - +5 broad axe (freeze)
rCold   . . .        z - +0 tower shield
rNeg    + + +        k - +9 plate armour "Kolel" {Rampage Drain Will+ Stlth+}
rPois   inf          t - +2 helmet of Gacy {*Slow rPois Dex+6 Slay+6}
rElec   +            u - +2 cloak {rCorr}
rCorr   +            o - +2 pair of gloves
SInv    +            B - +2 pair of boots
Will    +++..        n - amulet "Fayc" {Reflect Contam rN+++ Str+5 Int-2 SH+5} Stlth
                     C - ring "Reor" {Will+ Int+4 Dex-3 SInv}
HPRegen 0.40/turn    D - ring "Geanlafo" {rPois Str+8}
MPRegen 0.20/turn

%: slow self (1%), reflection, rampage
@: about to teleport, heroic, weakened, flying, constricted
A: sickness immunity, AC +14, big wings, negative energy resistance 1,
electricity resistance, torment resistance 1, petrification resistance
a: Renounce Religion, Heroism, Finesse, Duel


You were on level 4 of the Snake Pit.
You worshipped Okawaru.
Okawaru was extremely pleased with you.
You visited 6 branches of the dungeon, and saw 30 of its levels.
You also visited: Gauntlet.

You collected 3724 gold pieces.
You spent 2457 gold pieces at shops.


Innate Abilities, Weirdness & Mutations

You are immune to sickness and miasma.
Your stone body is resilient. (AC +14)
You are immune to poison.
Your large and strong wings let you fly.
You resist negative energy. (rN+)
You are resistant to electric shocks. (rElec)
You are resistant to unholy torment.
You are immune to petrification.


   Skills:
 - Level 15.0(20.0) Fighting
 - Level 18.0(23.0) Axes
 - Level 7.0(12.0) Throwing
 + Level 14.7(19.7) Armour
 - Level 5.0(10.0) Dodging
 - Level 18.5(23.5) Shields
 - Level 10.0 Invocations


You had 18 spell levels left.
You didn't know any spells.
Your spell library was empty.

Inventory:

Hand Weapons
 v - a +5 broad axe of freezing (weapon)
Missiles
 f - 16 boomerangs
 y - a javelin (quivered)
Armour
 k - the +9 plate armour "Kolel" (worn) {Rampage Drain Will+ Stlth+}
   (You found it on level 13 of the Dungeon)

   Drain:     It drains your maximum health when unequipped.
   Rampage:   It bestows one free step when moving towards enemies.
   Will:      It increases your willpower.
   Stlth:     It makes you more stealthy.
 o - a +2 pair of gloves (worn)
 t - the +2 helmet of Gacy (worn) {*Slow rPois Dex+6 Slay+6}
   (You found it on level 9 of the Dungeon)

   Dex:       It affects your dexterity (+6).
   Slay:      It affects your accuracy & damage with ranged weapons and melee
   (+6).
   rPois:     It protects you from poison.
   *Slow:     It may slow you when you take damage.
 u - a +2 cloak of preservation (worn)
 w - the scarf "Renix" {+Inv, rF+}
   (Okawaru gifted it to you on level 4 of the Snake Pit)

   rF:        It protects you from fire.
 x - +0 acid dragon scales
 z - a +0 tower shield (worn)
 A - a +1 kite shield of resistance
 B - a +2 pair of boots (worn)
Jewellery
 b - a ring of protection from fire
 n - the amulet "Fayc" (around neck) {Reflect Contam rN+++ Str+5 Int-2 SH+5}
   (You found it in a Gauntlet)

   [amulet of reflection]

   It reflects blocked missile attacks.
   Str:       It affects your strength (+5).
   Int:       It affects your intelligence (-2).
   rN:        It renders you almost immune to negative energy.
   Contam:    It causes magical contamination when unequipped.
   SH:        It affects your SH (+5).
 p - a ring of fire
 C - the ring "Reor" (left hand) {Will+ Int+4 Dex-3 SInv}
   (You took it off a minotaur in a Gauntlet)

   [ring of see invisible]

   Int:       It affects your intelligence (+4).
   Dex:       It affects your dexterity (-3).
   SInv:      It lets you see invisible.
   Will:      It increases your willpower.
 D - the ring "Geanlafo" (right hand) {rPois Str+8}
   (You found it on level 13 of the Dungeon)

   [ring of poison resistance]

   Str:       It affects your strength (+8).
   rPois:     It protects you from poison.
 E - a ring of ice
 F - a ring of resist corrosion
 Y - the ring "Zocett" {Fly Str+6 Int+3}
   (You found it on level 11 of the Dungeon)

   [ring of strength]

   Str:       It affects your strength (+6).
   Int:       It affects your intelligence (+3).
   Fly:       It grants you flight.
Wands
 c - a wand of digging (22)
Scrolls
 g - 5 scrolls of identify
 l - 10 scrolls of teleportation
Potions
 a - 10 potions of lignification
 d - 11 potions of might
 e - 5 potions of resistance
 h - 6 potions of mutation
 i - 5 potions of haste
 j - 18 potions of curing
 m - 2 potions of cancellation
 q - a potion of magic
 r - 7 potions of heal wounds
 s - 9 potions of attraction

Dungeon Overview and Level Annotations

Branches:
Dungeon (15/15)            Temple (1/1) D:4            Lair (5/5) D:10
 Shoals (3/4) Lair:3        Snake (4/4) Lair:3        Slime (0/5) Lair:5
    Orc (2/2) D:11            Elf (0/3) Orc:2        Vaults (0/5) D:14
 Depths (0/4) D:15        Gauntlet (visited)

Altars:
Ashenzari
Cheibriados
Dithmenos
Elyvilon
Fedhas
Gozag
Hepliaklqana
Kikubaaqudgha
Makhleb
Nemelex Xobeh
Okawaru
Qazlal
Ru
Sif Muna
Trog
Uskayaw
Vehumet
Wu Jian
Xom
Yredelemnul
Zin
The Shining One
Jiyva

Shops:
D:5 *   Orc:2 [(:*   Shoals:1 *   Shoals:2 [(**   Shoals:3 [   Snake:2 ?
Snake:3 [:!*

Portals:
Abyss: Lair:2

Annotations:
D:6 1 runed translucent door, Crazy Yiuf
D:12 4 runed translucent doors
D:13 2 runed translucent doors
Lair:2 2 transporters, Wuvuatt's ghost, journeyman MiBe
Shoals:1 2 transporters, Zipteul's ghost, adept NaBe


Message History

A guardian serpent comes into view.
The naga warrior spits poison at you.
You block splash of poison... and reflect it back!
The splash of poison hits the naga warrior.
The naga warrior is poisoned.
The naga warrior constricts you.
A black mamba comes into view.
The salamander hits you from afar with a +2 spear.
You are engulfed in flames!
The naga sharpshooter unwields a +0 dire flail.
The naga sharpshooter wields a +0 arbalest.
The naga sharpshooter casts a spell.
The naga sharpshooter magically shoots a bolt.
You block the bolt with an invisible shield... and reflect it back!
You block the naga mage's attack.
You hear an angry hiss.
You barely miss the naga warrior.
The naga warrior is almost dead.
The guardian serpent shouts!
You slash the salamander mystic! You freeze the salamander mystic.
You slice the anaconda!!
The anaconda seems to slow down.
You freeze the anaconda.
You kill the anaconda!
Okawaru accepts your kill.
The salamander hits you from afar with a +2 spear!
You are engulfed in flames!
The naga mage points at the nagaraja and mumbles some strange words.
The nagaraja seems to grow toxic.
You block the naga warrior's attack. The naga warrior constricts you.
30919 ||| READING 11 scrolls of teleportation.
As you read the scroll of teleportation, it crumbles to dust.
You feel strangely unstable.
The salamander no longer looks unusually strong.
The salamander hits you from afar with a +2 spear!
You are engulfed in flames!
You block the naga mage's attack.
The naga sharpshooter casts a spell.
A naga mage comes into view. It is wielding a +0 flail.
The salamander mystic gestures at you while chanting.
The bolt of magma hits you! You block the naga warrior's attack.
The naga warrior constricts you.
You die...

...#.......##...<....#....#
...#.......##.....)###..#.##
#..........##.####..........
......##).##.# ##.........
........).)..# #.........
....##))##)### #......... .
##.)))### #.........
#...).)## #.........
#...##.N@# #......... #...#
##)N.# #......... #...#
##.NN# #......... ...#
##NN.# #......... ...


NS.N# #.######## .. .....##.# #SN...### .N#... You could see a nagaraja (fast,
strong, curare), 2 naga warriors, a naga sharpshooter (strong), a salamander
mystic (strong), a salamander (fast), a naga ritualist (strong), a guardian
serpent, a black mamba, 2 naga magi and a naga.

Vanquished Creatures
  Vashnia (Snake:2)
  Nikola (Snake:1)
  Rupert (Orc:2)
  Polyphemus (Shoals:2)
  3 krakens
  Kirke (D:14)
  Roxanne (D:15)
  2 nagarajas (Snake:4)
  Louise (D:14)
  2 orc warlords (Orc:2)
  Nessos (Orc:2)
  A minotaur (Gauntlet)
  Snorg (D:11)
  Josephine (D:10)
  2 fire dragons
  Harold (D:10)
  2 merfolk impalers
  An entropy weaver (Gauntlet)
  An ettin (D:15)
  3 vault guards (D:14)
  6 hydras
  2 catoblepae
  2 salamander tyrants
  Erolcha (Orc:1)
  11 anacondas
  3 centaur warriors
  2 ogre magi (D:15)
  6 merfolk avatars
  5 boulder beetles
  A death knight (D:15)
  9 death yaks
  A tengu warrior (D:15)
  2 merfolk aquamancers
  A satyr (Shoals:3)
  12 two-headed ogres
  2 orc high priests (Orc:2)
  15 naga warriors
  A hell knight (D:15)
  16 naga sharpshooters
  6 shock serpents
  Sonja (Orc:1)
  13 salamander mystics
  A skeletal warrior (D:13)
  A fire crab (D:13)
  3 skysharks
  7 sea snakes
  A deep troll (D:15)
  A swamp dragon (Lair:5)
  A death drake (shapeshifter) (D:15)
  5 wizards
  11 harpies
  7 naga ritualists
  4 phantasmal warriors
  2 deep elf pyromancers (D:13)
  10 mana vipers
  5 orc knights
  A necromancer (D:14)
  3 orc sorcerers (Orc:2)
  2 wolf spiders
  5 ugly things
  8 manticores
  13 elephants
  6 fauns
  5 merfolk sirens
  6 cyclopes
  36 black mambas
  12 naga magi
  27 salamanders
  Joseph (D:8)
  4 guardian serpents
  11 water nymphs
  2 torpor snails
  5 komodo dragons
  An unseen horror (D:13)
  10 cane toads
  2 unseen horror zombies (D:8)
  2 freezing wraiths (D:15)
  5 rime drakes
  2 spectral nagas (Snake:1)
  2 efreet (D:15)
  3 tengu conjurers (D:15)
  A polar bear (Lair:3)
  4 wind drakes
  14 merfolk
  6 trolls
  A hornet (D:7)
  4 blink frogs (Lair:2)
  6 snapping turtles
  2 dream sheep (Shoals:3)
  4 slime creatures (D:13)
  A jumping spider (Gauntlet)
  A shadow (D:12)
  3 vampires
  8 wraiths
  36 yaks
  8 water elementals
  5 wyverns
  14 vampire mosquitoes
  19 humans (D:14)
  9 basilisks
  4 steam dragons
  6 hogs (D:14)
  4 wargs (Orc:2)
  44 nagas
  4 acid dragons
  20 water moccasins
  Duvessa (D:6)
  23 orc warriors
  2 swamp drakes (Lair:5)
  A black bear (D:7)
  2 hornet zombies (D:8)
  3 ice beasts
  11 ogres
  A sky beast (D:7)
  3 wolves (Lair:5)
  A boggart (D:13)
  16 centaurs
  A phantom (D:5)
  2 kobold brigands
  2 gnoll sergeants
  3 scorpions
  9 bullfrogs
  14 wights
  Dowan (D:6)
  6 killer bees (D:9)
  3 howler monkeys
  3 electric eels (Lair:4)
  A centaur zombie (D:8)
  7 hounds
  16 orc priests
  A jelly (D:6)
  A sleepcap (D:7)
  21 orc wizards
  11 iguanas
  7 hell rats (Lair:5)
  3 killer bee zombies (D:8)
  Robin (D:2)
  19 gnolls
  7 adders
  6 river rats (D:6)
  3 shadow imps
  2 white imps
  An ufetubus (D:4)
  2 worms (D:2)
  2 dart slugs
  49 orcs
  8 bats
  7 endoplasms
  2 giant cockroaches (D:1)
  14 goblins
  11 hobgoblins
  12 kobolds
  6 quokkas
  5 ball pythons
  A frilled lizard (D:2)
  20 rats
  11 tentacles
972 creatures vanquished.

Vanquished Creatures (others)
  A manticore (D:14)
  An orc (D:6)
  10 tentacles
12 creatures vanquished.

Grand Total: 984 creatures vanquished

Notes
Turn   | Place    | Note
-------+----------+-------------------------------------------
     0 | D:1      | qw the Gargoyle Fighter began the quest for the Orb.
     0 | D:1      | Reached XP level 1. HP: 14/14 MP: 1/1
     0 | D:1      | 0 ||| qw: Version: 0.2-a-100-g4e38944
     0 | D:1      | 0 ||| qw: Game counter: 229
     0 | D:1      | 0 ||| qw: Always use a shield: true
     0 | D:1      | 0 ||| qw: God list: Okawaru
     0 | D:1      | 0 ||| qw: Allow faded altars: false
     0 | D:1      | 0 ||| qw: Do Orc after D:15 true
     0 | D:1      | 0 ||| qw: Do second Lair branch before Depths: true
     0 | D:1      | 0 ||| qw: Lair rune preference: random
     0 | D:1      | 0 ||| qw: Plans: Normal, Zot:1-4, God:TSO, Crypt, Tomb,
                  | Pan, Slime:5, Hells, Abyss, Win
     0 | D:1      | 0 ||| PLANNING D:1-11
    64 | D:1      | Reached XP level 2. HP: 19/19 MP: 2/2
    87 | D:1      | 87 ||| Stepping ~*~*~tactically~*~*~ (stealth).
   163 | D:1      | 163 ||| DROPPING +0 club.
   238 | D:1      | Reached skill level 3 in Axes
   249 | D:1      | Reached XP level 3. HP: 23/23 MP: 3/3
   306 | D:1      | 306 ||| FLEEEEING.
   307 | D:1      | 307 ||| FLEEEEING.
   415 | D:1      | 415 ||| Stepping ~*~*~tactically~*~*~ (stealth).
   505 | D:1      | 505 ||| UPGRADING to +0 chain mail.
   515 | D:1      | 515 ||| DROPPING +0 scale mail.
   516 | D:1      | 516 ||| READING scroll labelled UTHOAJEUNO.
   517 | D:1      | 517 ||| READING 2 scrolls labelled BIJECIMUNYEC.
   518 | D:1      | 518 ||| READING scroll labelled NIAL KAOSAA.
   523 | D:1      | 523 ||| READING scroll labelled HYMYLE POKUE.
   524 | D:1      | 524 ||| READING scroll labelled LARHIP FULAAM.
   525 | D:1      | 525 ||| DROPPING scroll of fear.
   575 | D:2      | 575 ||| Stepping ~*~*~tactically~*~*~ (stealth).
   629 | D:2      | 629 ||| Stepping ~*~*~tactically~*~*~ (hiding).
   632 | D:2      | 632 ||| Stepping ~*~*~tactically~*~*~ (hiding).
   633 | D:2      | 633 ||| Stepping ~*~*~tactically~*~*~ (hiding).
   649 | D:2      | Found a hide-covered altar of Uskayaw.
   788 | D:2      | Reached XP level 4. HP: 13/28 MP: 4/4
  1314 | D:2      | 1314 ||| UPGRADING to amulet of guardian spirit.
  1319 | D:2      | 1319 ||| READING 2 scrolls labelled ZELOME PUPAME.
  1320 | D:2      | 1320 ||| READING 2 scrolls of identify.
  1320 | D:2      | 1320 ||| IDENTIFYING bubbling purple potion
  1321 | D:2      | 1321 ||| DROPPING scroll of blinking.
  1331 | D:3      | Identified the +0 helmet "Seziyhog" {rPois}
  1331 | D:3      | Noticed Robin
  1339 | D:3      | 1339 ||| STAIRDANCE
  1344 | D:2      | Killed Robin
  1372 | D:2      | 1372 ||| UPGRADING to +0 helmet "Seziyhog" {rPois}.
  1380 | D:3      | 1380 ||| STAIRDANCE
  1469 | D:3      | Found a bloodstained altar of Trog.
  1577 | D:3      | Found a faded altar of an unknown god.
  1799 | D:3      | Reached XP level 5. HP: 32/32 MP: 5/5
  1802 | D:3      | 1802 ||| Stepping ~*~*~tactically~*~*~ (hiding).
  1967 | D:3      | 1967 ||| READING scroll labelled GYOLIN IPHYAP.
  1968 | D:3      | 1968 ||| DRINKING 2 cyan potions.
  1969 | D:3      | 1969 ||| READING 5 scrolls of identify.
  1969 | D:3      | 1969 ||| IDENTIFYING bubbling brown potion
  2170 | D:4      | Reached XP level 6. HP: 38/38 MP: 6/6
  2249 | D:4      | Found a staircase to the Ecumenical Temple.
  2250 | D:4      | 2250 ||| PLANNING TEMPLE
  2250 | D:4      | 2250 ||| UPGRADING to +0 plate armour.
  2260 | D:4      | 2260 ||| DROPPING +0 chain mail.
  2261 | D:4      | 2261 ||| READING scroll labelled EBRAVASMUE.
  2262 | D:4      | 2262 ||| READING scroll labelled TAJESO IGULI.
  2363 | D:4      | 2363 ||| READING scroll labelled XIVIBE FA ASAHIEGU.
  2372 | Temple   | Entered the Ecumenical Temple
  2532 | Temple   | 2532 ||| PLANNING D:1-11
  2633 | D:4      | 2633 ||| READING scroll of enchant armour.
  2633 | D:4      | 2633 ||| ENCHANTING +0 plate armour.
  2778 | D:4      | 2778 ||| READING scroll labelled WOULEM WIADGH.
  2779 | D:4      | 2779 ||| DRINKING 2 fizzy clear potions.
  2780 | D:4      | 2780 ||| READING 6 scrolls of identify.
  2780 | D:4      | 2780 ||| IDENTIFYING bubbling grey potion
  2795 | D:5      | Entered Level 5 of the Dungeon
  2811 | D:5      | 2811 ||| Stepping ~*~*~tactically~*~*~ (stealth).
  2836 | D:5      | Noticed an ice beast
  2849 | D:5      | Killed an ice beast
  2850 | D:5      | Reached skill level 6 in Axes
  2984 | D:5      | Noticed a water moccasin
  2997 | D:5      | Killed a water moccasin
  2998 | D:5      | Reached XP level 7. HP: 42/43 MP: 7/7
  3233 | D:5      | Reached XP level 8. HP: 34/48 MP: 6/8
  3243 | D:5      | HP: 10/49 [centaur/arrow (8)]
  3244 | D:5      | Reached skill level 1 in Dodging
  3244 | D:5      | 3244 ||| READING 2 scrolls of teleportation.
  3245 | D:5      | 3245 ||| DRINKING potion of heal wounds.
  3251 | D:5      | 3251 ||| Stepping ~*~*~tactically~*~*~ (hiding).
  3252 | D:5      | 3252 ||| Stepping ~*~*~tactically~*~*~ (hiding).
  3277 | D:5      | 3277 ||| Stepping ~*~*~tactically~*~*~ (stealth).
  3278 | D:5      | 3278 ||| Stepping ~*~*~tactically~*~*~ (hiding).
  3279 | D:5      | 3279 ||| Stepping ~*~*~tactically~*~*~ (stealth).
  3329 | D:5      | 3329 ||| Stepping ~*~*~tactically~*~*~ (stealth).
  3388 | D:5      | 3388 ||| Stepping ~*~*~tactically~*~*~ (hiding).
  3642 | D:5      | Found Zuxusi's Assorted Antiques.
  3651 | D:5      | 3651 ||| BUYING 2 potions of lignification (162 gold).
  3651 | D:5      | Bought 2 potions of lignification for 162 gold pieces
  3651 | D:5      | 3651 ||| SHOPLISTING citrine-encrusted plate armour (756
                  | gold, have 119).
  3651 | D:5      | 3651 ||| BUYING potion of might (108 gold).
  3651 | D:5      | Bought a potion of might for 108 gold pieces
  3651 | D:5      | 3651 ||| SHOPLISTING potion of resistance (270 gold, have
                  | 11).
  3651 | D:5      | 3651 ||| SHOPLISTING scroll labelled YFIUMA DAGGE (27 gold,
                  | have 11).
  3651 | D:5      | 3651 ||| SHOPLISTING scroll labelled YQITZO QAEXELU (27
                  | gold, have 11).
  3651 | D:5      | 3651 ||| SHOPLISTING scroll of teleportation (81 gold, have
                  | 11).
  3842 | D:5      | 3842 ||| Stepping ~*~*~tactically~*~*~ (hiding).
  3843 | D:5      | 3843 ||| Stepping ~*~*~tactically~*~*~ (hiding).
  3880 | D:5      | 3880 ||| UPGRADING to +2 buckler.
  3890 | D:5      | 3890 ||| DROPPING +0 buckler.
  3918 | D:6      | 3918 ||| Stepping ~*~*~tactically~*~*~ (stealth).
  3988 | D:6      | 3988 ||| DROPPING +3 whip.
  4010 | D:6      | Reached skill level 6 in Fighting
  4033 | D:6      | Noticed Dowan
  4033 | D:6      | Noticed Duvessa
  4041 | D:6      | Killed Dowan
  4054 | D:6      | Killed Duvessa
  4055 | D:6      | Reached XP level 9. HP: 19/55 MP: 3/9
  4089 | D:6      | 4089 ||| FLEEEEING.
  4090 | D:6      | 4090 ||| FLEEEEING.
  4204 | D:6      | 4204 ||| Stepping ~*~*~tactically~*~*~ (stealth).
  4208 | D:6      | 4208 ||| Stepping ~*~*~tactically~*~*~ (stealth).
  4209 | D:6      | 4209 ||| Stepping ~*~*~tactically~*~*~ (stealth).
  4211 | D:6      | 4211 ||| Stepping ~*~*~tactically~*~*~ (hiding).
  4328 | D:6      | 4328 ||| READING scroll of enchant armour.
  4328 | D:6      | 4328 ||| ENCHANTING +1 plate armour.
  4387 | D:6      | Reached skill level 9 in Axes
  4524 | D:6      | 4524 ||| Stepping ~*~*~tactically~*~*~ (hiding).
  4858 | D:6      | Found a runed translucent door.
  4859 | D:6      | Noticed Crazy Yiuf
  4904 | D:6      | 4904 ||| READING 7 scrolls of identify.
  4904 | D:6      | 4904 ||| IDENTIFYING grey potion
  5065 | D:7      | Reached skill level 6 in Armour
  5359 | D:7      | 5359 ||| DROPPING +1 flail of holy wrath.
  5597 | D:7      | 5597 ||| Stepping ~*~*~tactically~*~*~ (hiding).
  5599 | D:7      | 5599 ||| Stepping ~*~*~tactically~*~*~ (hiding).
  5607 | D:7      | Reached XP level 10. HP: 61/63 MP: 10/10
  5738 | D:7      | Found an ornate altar of the Wu Jian Council.
  5941 | D:7      | Found an iron altar of Okawaru.
  5942 | D:7      | 5942 ||| PLANNING OKAWARU WORSHIP
  6018 | D:7      | Found a hazy altar of Hepliaklqana.
  6019 | D:7      | 6019 ||| READING scroll labelled YQITZO QAEXELU.
  6019 | D:7      | Identified a scroll of acquirement
  6019 | D:7      | 6019 ||| ACQUIRING +2 broad axe of draining
  6019 | D:7      | Acquired a +2 broad axe of draining
  6021 | D:7      | 6021 ||| SWAPPING to +2 broad axe of draining.
  6022 | D:7      | 6022 ||| DROPPING +0 war axe.
  6023 | D:7      | 6023 ||| READING scroll labelled YFIUMA DAGGE.
  6024 | D:7      | 6024 ||| READING 7 scrolls of identify.
  6024 | D:7      | 6024 ||| IDENTIFYING ruby potion
  6025 | D:7      | 6025 ||| DROPPING potion of flight.
  6077 | D:7      | Became a worshipper of Warmaster Okawaru
  6077 | D:7      | 6077 ||| PLANNING D:1-11
  6078 | D:7      | 6078 ||| REMOVING amulet of guardian spirit.
  6237 | D:7      | 6237 ||| DROPPING amulet of guardian spirit.
  6238 | D:7      | 6238 ||| UPGRADING to amulet of the acrobat.
  6304 | D:8      | Noticed Joseph
  6305 | D:8      | 6305 ||| Stepping ~*~*~tactically~*~*~ (hiding).
  6307 | D:8      | 6307 ||| Stepping ~*~*~tactically~*~*~ (hiding).
  6309 | D:8      | 6309 ||| Stepping ~*~*~tactically~*~*~ (hiding).
  6320 | D:8      | Killed Joseph
  6460 | D:8      | 6460 ||| DROPPING +2 flail.
  6612 | D:8      | Reached * piety under Okawaru
  6631 | D:8      | Reached skill level 1 in Invocations
  6641 | D:8      | 6641 ||| Stepping ~*~*~tactically~*~*~ (stealth).
  6707 | D:8      | Found a shadowy altar of Dithmenos.
  6718 | D:8      | Reached skill level 3 in Invocations
  6844 | D:8      | 6844 ||| Stepping ~*~*~tactically~*~*~ (stealth).
  6852 | D:8      | Reached ** piety under Okawaru
  7161 | D:8      | 7161 ||| UPGRADING to +0 pair of gloves.
  7166 | D:8      | 7166 ||| READING scroll labelled DAACHU NAGGURE.
  7286 | D:9      | 7286 ||| Stepping ~*~*~tactically~*~*~ (stealth).
  7472 | D:9      | Identified the +2 helmet of Gacy {*Slow rPois Dex+6 Slay+6}
  7489 | D:9      | 7489 ||| READING scroll of enchant weapon.
  7489 | D:9      | 7489 ||| ENCHANTING +3 broad axe of draining.
  7719 | D:9      | 7719 ||| INVOKING Heroism.
  7729 | D:9      | Reached XP level 11. HP: 53/69 MP: 12/14
  7972 | D:9      | 7972 ||| UPGRADING to +2 helmet of Gacy {*Slow rPois Dex+6
                  | Slay+6}.
  7982 | D:9      | 7982 ||| DROPPING +0 helmet "Seziyhog" {rPois}.
  7983 | D:9      | 7983 ||| READING scroll labelled FOUTOH KEGENU.
  7984 | D:9      | 7984 ||| READING 8 scrolls of identify.
  7984 | D:9      | 7984 ||| IDENTIFYING sapphire potion
  7985 | D:9      | 7985 ||| READING 7 scrolls of identify.
  7985 | D:9      | 7985 ||| IDENTIFYING viscous cyan potion
  8005 | D:10     | Entered Level 10 of the Dungeon
  8038 | D:10     | 8038 ||| Stepping ~*~*~tactically~*~*~ (hiding).
  8042 | D:10     | Noticed Harold
  8043 | D:10     | 8043 ||| INVOKING Heroism.
  8045 | D:10     | Noticed Josephine
  8046 | D:10     | 8046 ||| Stepping ~*~*~tactically~*~*~ (hiding).
  8056 | D:10     | Killed Harold
  8056 | D:10     | Reached *** piety under Okawaru
  8057 | D:10     | Reached skill level 9 in Fighting
  8059 | D:10     | Killed Josephine
  8204 | D:10     | 8204 ||| READING scroll of brand weapon.
  8204 | D:10     | 8204 ||| BRANDING +4 broad axe of freezing.
  8205 | D:10     | 8205 ||| DROPPING +4 flail.
  8236 | D:10     | 8236 ||| Stepping ~*~*~tactically~*~*~ (stealth).
  8265 | D:10     | 8265 ||| Stepping ~*~*~tactically~*~*~ (hiding).
  8266 | D:10     | 8266 ||| Stepping ~*~*~tactically~*~*~ (hiding).
  8268 | D:10     | 8268 ||| Stepping ~*~*~tactically~*~*~ (hiding).
  8270 | D:10     | 8270 ||| Stepping ~*~*~tactically~*~*~ (hiding).
  8319 | D:10     | Reached **** piety under Okawaru
  8366 | D:10     | Found a blossoming altar of Fedhas.
  8374 | D:10     | 8374 ||| INVOKING Heroism.
  8513 | D:10     | 8513 ||| Stepping ~*~*~tactically~*~*~ (stealth).
  8543 | D:10     | 8543 ||| INVOKING Heroism.
  8564 | D:10     | 8564 ||| Stepping ~*~*~tactically~*~*~ (stealth).
  8568 | D:10     | 8568 ||| INVOKING Heroism.
  8592 | D:10     | 8592 ||| Stepping ~*~*~tactically~*~*~ (stealth).
  8602 | D:10     | 8602 ||| FLEEEEING.
  8659 | D:10     | Found a staircase to the Lair.
  8908 | D:10     | 8908 ||| PLANNING LAIR
  8908 | D:10     | 8908 ||| READING 6 scrolls of identify.
  8908 | D:10     | 8908 ||| IDENTIFYING smoky yellow potion
  8909 | D:10     | 8909 ||| READING 5 scrolls of identify.
  8909 | D:10     | 8909 ||| IDENTIFYING clear potion
  8910 | D:10     | 8910 ||| DRINKING potion of experience.
  8910 | D:10     | Reached XP level 12. HP: 77/77 MP: 15/18
  8929 | D:10     | 8929 ||| DROPPING potion of brilliance.
  9001 | Lair:1   | Entered Level 1 of the Lair of Beasts
  9001 | Lair:1   | Noticed a boulder beetle
  9002 | Lair:1   | 9002 ||| INVOKING Heroism.
  9014 | Lair:1   | Killed a boulder beetle
  9015 | Lair:1   | Reached skill level 9 in Invocations
  9202 | Lair:1   | 9202 ||| INVOKING Heroism.
  9208 | Lair:1   | Received a gift from Okawaru
  9320 | Lair:1   | 9320 ||| READING 2 scrolls of enchant armour.
  9320 | Lair:1   | 9320 ||| ENCHANTING +0 pair of gloves.
  9321 | Lair:1   | 9321 ||| READING scroll of enchant armour.
  9321 | Lair:1   | 9321 ||| ENCHANTING +1 pair of gloves.
  9330 | Lair:1   | Noticed a catoblepas
  9331 | Lair:1   | 9331 ||| Stepping ~*~*~tactically~*~*~ (hiding).
  9336 | Lair:1   | 9336 ||| INVOKING Heroism.
  9340 | Lair:1   | Killed a catoblepas
  9341 | Lair:1   | Reached skill level 6 in Shields
  9544 | Lair:1   | Reached XP level 13. HP: 71/81 MP: 20/20
 10084 | Lair:1   | 10084 ||| DRINKING 2 silvery potions.
 10085 | Lair:1   | 10085 ||| DRINKING 7 potions of curing.
 10085 | Lair:1   | 10085 ||| (to cure confusion)
 10086 | Lair:1   | 10086 ||| READING 5 scrolls of identify.
 10086 | Lair:1   | 10086 ||| IDENTIFYING fizzy red potion
 10087 | Lair:1   | 10087 ||| DROPPING potion of degeneration.
 10088 | Lair:1   | 10088 ||| DROPPING potion of ambrosia.
 10148 | Lair:2   | Reached skill level 3 in Dodging
 10222 | Lair:2   | Reached ***** piety under Okawaru
 10275 | Lair:2   | Found a transporter.
 10442 | Lair:2   | 10442 ||| Stepping ~*~*~tactically~*~*~ (stealth).
 10443 | Lair:2   | 10443 ||| Stepping ~*~*~tactically~*~*~ (stealth).
 10444 | Lair:2   | 10444 ||| INVOKING Heroism.
 10456 | Lair:2   | Reached skill level 9 in Armour
 10458 | Lair:2   | 10458 ||| Stepping ~*~*~tactically~*~*~ (stealth).
 10459 | Lair:2   | 10459 ||| Stepping ~*~*~tactically~*~*~ (stealth).
 10689 | Lair:2   | 10689 ||| Stepping ~*~*~tactically~*~*~ (stealth).
 10697 | Lair:2   | 10697 ||| Stepping ~*~*~tactically~*~*~ (hiding).
 10698 | Lair:2   | 10698 ||| Stepping ~*~*~tactically~*~*~ (hiding).
 10750 | Lair:2   | Found a transporter.
 10780 | Lair:2   | 10780 ||| INVOKING Heroism.
 10994 | Lair:2   | Noticed Wuvuatt's ghost (journeyman MiBe)
 11104 | Lair:2   | Found a one-way gate to the infinite horrors of the Abyss.
 11469 | Lair:2   | 11469 ||| UPGRADING to +6 ring of strength.
 11470 | Lair:2   | 11470 ||| READING scroll labelled WABLAI FEDARCH.
 11503 | Lair:3   | 11503 ||| STAIRDANCE
 11614 | Lair:3   | 11614 ||| INVOKING Heroism.
 11725 | Lair:3   | 11725 ||| Stepping ~*~*~tactically~*~*~ (stealth).
 11728 | Lair:3   | 11728 ||| INVOKING Heroism.
 11852 | Lair:3   | 11852 ||| Stepping ~*~*~tactically~*~*~ (stealth).
 11853 | Lair:3   | 11853 ||| Stepping ~*~*~tactically~*~*~ (stealth).
 11857 | Lair:3   | 11857 ||| INVOKING Heroism.
 11902 | Lair:3   | Received a gift from Okawaru
 12019 | Lair:3   | Found a staircase to the Snake Pit.
 12024 | Lair:3   | 12024 ||| Stepping ~*~*~tactically~*~*~ (stealth).
 12027 | Lair:3   | 12027 ||| Stepping ~*~*~tactically~*~*~ (stealth).
 12102 | Lair:3   | 12102 ||| READING scroll of enchant armour.
 12102 | Lair:3   | 12102 ||| ENCHANTING +2 plate armour.
 12251 | Lair:3   | 12251 ||| INVOKING Heroism.
 12254 | Lair:3   | 12254 ||| Stepping ~*~*~tactically~*~*~ (stealth).
 12397 | Lair:3   | 12397 ||| INVOKING Heroism.
 12403 | Lair:3   | 12403 ||| Stepping ~*~*~tactically~*~*~ (hiding).
 12415 | Lair:3   | Received a gift from Okawaru
 12567 | Lair:3   | Found a staircase to the Shoals.
 12804 | Lair:3   | 12804 ||| UPGRADING to ring of protection from fire.
 12980 | Lair:4   | 12980 ||| INVOKING Heroism.
 13075 | Lair:4   | Reached skill level 3 in Throwing
 13212 | Lair:4   | 13212 ||| Stepping ~*~*~tactically~*~*~ (stealth).
 13215 | Lair:4   | Received a gift from Okawaru
 13439 | Lair:4   | 13439 ||| Stepping ~*~*~tactically~*~*~ (stealth).
 13535 | Lair:4   | 13535 ||| INVOKING Heroism.
 13540 | Lair:4   | Received a gift from Okawaru
 13541 | Lair:4   | Gained mutation: Your large and strong wings let you fly.
                  | [Gargoyle growth]
 13541 | Lair:4   | Reached XP level 14. HP: 90/90 MP: 19/21
 13801 | Lair:4   | 13801 ||| UPGRADING to +0 cloak of preservation.
 13863 | Lair:5   | Entered Level 5 of the Lair of Beasts
 13960 | Lair:5   | 13960 ||| Stepping ~*~*~tactically~*~*~ (stealth).
 13962 | Lair:5   | 13962 ||| Stepping ~*~*~tactically~*~*~ (stealth).
 13967 | Lair:5   | 13967 ||| FLEEEEING.
 14015 | Lair:5   | 14015 ||| Stepping ~*~*~tactically~*~*~ (stealth).
 14016 | Lair:5   | 14016 ||| Stepping ~*~*~tactically~*~*~ (stealth).
 14066 | Lair:5   | Identified the +0 robe "Zywaixah" {SInv}
 14099 | Lair:5   | 14099 ||| FLEEEEING.
 14100 | Lair:5   | 14100 ||| FLEEEEING.
 14151 | Lair:5   | 14151 ||| Stepping ~*~*~tactically~*~*~ (stealth).
 14153 | Lair:5   | 14153 ||| Stepping ~*~*~tactically~*~*~ (stealth).
 14157 | Lair:5   | 14157 ||| Stepping ~*~*~tactically~*~*~ (stealth).
 14169 | Lair:5   | 14169 ||| Stepping ~*~*~tactically~*~*~ (hiding).
 14190 | Lair:5   | 14190 ||| Stepping ~*~*~tactically~*~*~ (stealth).
 14214 | Lair:5   | 14214 ||| Stepping ~*~*~tactically~*~*~ (stealth).
 14229 | Lair:5   | 14229 ||| Stepping ~*~*~tactically~*~*~ (stealth).
 14231 | Lair:5   | 14231 ||| Stepping ~*~*~tactically~*~*~ (hiding).
 14273 | Lair:5   | 14273 ||| INVOKING Heroism.
 14302 | Lair:5   | 14302 ||| INVOKING Finesse.
 14321 | Lair:5   | Reached skill level 6 in Throwing
 14535 | Lair:5   | 14535 ||| Stepping ~*~*~tactically~*~*~ (hiding).
 14663 | Lair:5   | 14663 ||| INVOKING Heroism.
 14664 | Lair:5   | 14664 ||| INVOKING Finesse.
 14788 | Lair:5   | 14788 ||| Stepping ~*~*~tactically~*~*~ (hiding).
 14942 | Lair:5   | Found a staircase to the Slime Pits.
 14942 | Lair:5   | Found a viscous altar of Jiyva.
 15181 | Lair:5   | 15181 ||| PLANNING D:1-11
 15181 | Lair:5   | 15181 ||| UPGRADING to +1 pair of boots.
 15186 | Lair:5   | 15186 ||| DROPPING ring of magical power.
 15187 | Lair:5   | 15187 ||| READING scroll labelled EZXEDDIOLE.
 15330 | D:11     | Identified the ring "Zocett" {Fly Str+6 Int+3}
 15361 | D:11     | Found a staircase to the Orcish Mines.
 15373 | D:11     | 15373 ||| Stepping ~*~*~tactically~*~*~ (stealth).
 15546 | D:11     | 15546 ||| Stepping ~*~*~tactically~*~*~ (hiding).
 15547 | D:11     | 15547 ||| Stepping ~*~*~tactically~*~*~ (hiding).
 15653 | D:11     | 15653 ||| INVOKING Heroism.
 15656 | D:11     | 15656 ||| Stepping ~*~*~tactically~*~*~ (stealth).
 15661 | D:11     | 15661 ||| Stepping ~*~*~tactically~*~*~ (stealth).
 15673 | D:11     | Noticed Snorg
 15674 | D:11     | 15674 ||| Stepping ~*~*~tactically~*~*~ (hiding).
 15681 | D:11     | 15681 ||| Stepping ~*~*~tactically~*~*~ (stealth).
 15697 | D:11     | Killed Snorg
 16018 | D:11     | 16018 ||| PLANNING D
 16018 | D:11     | 16018 ||| DROPPING +1 chain mail of poison resistance.
 16019 | D:11     | 16019 ||| UPGRADING to ring "Zocett" {Fly Str+6 Int+3}.
 16021 | D:11     | 16021 ||| DROPPING ring of positive energy.
 16022 | D:11     | 16022 ||| READING 7 scrolls of identify.
 16022 | D:11     | 16022 ||| IDENTIFYING blue potion
 16023 | D:11     | 16023 ||| READING 6 scrolls of identify.
 16023 | D:11     | 16023 ||| IDENTIFYING black potion
 16024 | D:11     | 16024 ||| DROPPING potion of berserk rage.
 16025 | D:11     | 16025 ||| DROPPING potion of invisibility.
 16163 | D:12     | Found a huge runed translucent gate.
 16163 | D:12     | Found a huge runed translucent gate.
 16164 | D:12     | Found a huge runed translucent gate.
 16165 | D:12     | Found a huge runed translucent gate.
 16206 | D:12     | 16206 ||| Stepping ~*~*~tactically~*~*~ (hiding).
 16208 | D:12     | 16208 ||| Stepping ~*~*~tactically~*~*~ (hiding).
 16209 | D:12     | 16209 ||| Stepping ~*~*~tactically~*~*~ (hiding).
 16210 | D:12     | 16210 ||| Stepping ~*~*~tactically~*~*~ (hiding).
 16215 | D:12     | 16215 ||| Stepping ~*~*~tactically~*~*~ (stealth).
 16216 | D:12     | 16216 ||| Stepping ~*~*~tactically~*~*~ (stealth).
 16299 | D:12     | 16299 ||| Stepping ~*~*~tactically~*~*~ (hiding).
 16300 | D:12     | 16300 ||| Stepping ~*~*~tactically~*~*~ (hiding).
 16953 | D:12     | 16953 ||| UPGRADING to +2 kite shield.
 16963 | D:12     | 16963 ||| DROPPING +2 buckler.
 16972 | D:13     | 16972 ||| PLANNING GAUNTLET
 16985 | D:13     | Received a gift from Okawaru
 16993 | D:13     | 16993 ||| INVOKING Heroism.
 16997 | D:13     | 16997 ||| Stepping ~*~*~tactically~*~*~ (stealth).
 17065 | D:13     | Identified the +9 plate armour "Kolel" {Rampage Drain Will+
                  | Stlth+}
 17085 | D:13     | 17085 ||| Stepping ~*~*~tactically~*~*~ (hiding).
 17086 | D:13     | 17086 ||| Stepping ~*~*~tactically~*~*~ (hiding).
 17096 | D:13     | Received a gift from Okawaru
 17266 | D:13     | Reached skill level 9 in Shields
 17334 | D:13     | Found a gate leading to a gauntlet.
 17335 | D:13     | 17335 ||| UPGRADING to +9 plate armour "Kolel" {Rampage
                  | Drain Will+ Stlth+}.
 17345 | D:13     | 17345 ||| DROPPING +3 plate armour.
 17347 | D:13     | 17347 ||| Stepping ~*~*~tactically~*~*~ (hiding).
 17348 | D:13     | 17348 ||| Stepping ~*~*~tactically~*~*~ (hiding).
 17350 | D:13     | 17350 ||| Stepping ~*~*~tactically~*~*~ (hiding).
 17351 | D:13     | 17351 ||| Stepping ~*~*~tactically~*~*~ (hiding).
 17356 | D:13     | Received a gift from Okawaru
 17464 | Gauntlet | Entered a Gauntlet
 17464 | Gauntlet | Found a transporter.
 17464 | Gauntlet | Found a transporter.
 17478 | Gauntlet | Found a transporter.
 17479 | Gauntlet | Found a transporter.
 17487 | Gauntlet | Found a transporter.
 17490 | Gauntlet | Found a transporter.
 17496 | Gauntlet | Found a runed translucent gate.
 17498 | Gauntlet | Found a runed translucent gate.
 17498 | Gauntlet | Found a transporter.
 17499 | Gauntlet | Found a runed translucent gate.
 17518 | Gauntlet | Found a transporter.
 17538 | Gauntlet | Found a transporter.
 17540 | Gauntlet | Found a transporter.
 17550 | Gauntlet | Found a transporter.
 17552 | Gauntlet | Found a transporter.
 17653 | Gauntlet | 17653 ||| READING scroll of enchant armour.
 17653 | Gauntlet | 17653 ||| ENCHANTING +1 pair of boots.
 17659 | Gauntlet | Identified the staff of death "Mer Quli" {rF++ rN+}
 17666 | Gauntlet | 17666 ||| INVOKING Heroism.
 17708 | Gauntlet | Identified the amulet "Fayc" {Reflect Contam rN+++ Str+5
                  | Int-2 SH+5}
 17710 | Gauntlet | 17710 ||| UPGRADING to amulet "Fayc" {Reflect Contam rN+++
                  | Str+5 Int-2 SH+5}.
 17720 | Gauntlet | 17720 ||| DROPPING amulet of the acrobat.
 17731 | Gauntlet | 17731 ||| ZAPPING wand of digging (13).
 17737 | Gauntlet | 17737 ||| ZAPPING wand of digging (12).
 17911 | Gauntlet | Identified the ring "Reor" {Will+ Int+4 Dex-3 SInv}
 17912 | Gauntlet | 17912 ||| Stepping ~*~*~tactically~*~*~ (hiding).
 17917 | Gauntlet | 17917 ||| INVOKING Heroism.
 17964 | Gauntlet | Identified the +0 falchion "Wuebor" {heavy, Drain rPois
                  | rF+++ Int-3}
 18003 | Gauntlet | 18003 ||| UPGRADING to ring "Reor" {Will+ Int+4 Dex-3
                  | SInv}.
 18020 | D:13     | 18020 ||| PLANNING D
 18091 | D:13     | Received a gift from Okawaru
 18099 | D:13     | Reached XP level 15. HP: 94/94 MP: 22/22
 18100 | D:13     | Found a runed translucent door.
 18100 | D:13     | Found a runed translucent door.
 18109 | D:13     | Identified the ring "Roxti" {rF+ MP+9 Int+2 Slay-3}
 18110 | D:13     | 18110 ||| Stepping ~*~*~tactically~*~*~ (stealth).
 18111 | D:13     | 18111 ||| INVOKING Heroism.
 18123 | D:13     | Identified the amulet of the King {Reflect Will- Int+5
                  | Dex+3 SH+5}
 18197 | D:13     | Identified the ring "Geanlafo" {rPois Str+8}
 18208 | D:13     | Identified the amulet "Eronwif" {Faith Int+3 Dex+2}
 18525 | D:13     | 18525 ||| Stepping ~*~*~tactically~*~*~ (hiding).
 18981 | D:13     | 18981 ||| DROPPING amulet "Eronwif" {Faith Int+3 Dex+2}.
 18982 | D:13     | 18982 ||| UPGRADING to ring "Geanlafo" {rPois Str+8}.
 18984 | D:13     | 18984 ||| DROPPING +6 ring of strength.
 19009 | D:14     | 19009 ||| FLEEEEING.
 19014 | D:14     | Reached skill level 12 in Shields
 19022 | D:14     | Reached skill level 15 in Axes
 19022 | D:14     | Noticed Kirke
 19023 | D:14     | 19023 ||| INVOKING Heroism.
 19024 | D:14     | 19024 ||| INVOKING Finesse.
 19024 | D:14     | Noticed Louise
 19033 | D:14     | Killed Kirke
 19052 | D:14     | Killed Louise
 19053 | D:14     | 19053 ||| Stepping ~*~*~tactically~*~*~ (hiding).
 19058 | D:14     | 19058 ||| INVOKING Heroism.
 19082 | D:14     | Received a gift from Okawaru
 19083 | D:14     | Reached skill level 12 in Fighting
 19273 | D:14     | 19273 ||| Stepping ~*~*~tactically~*~*~ (stealth).
 19300 | D:14     | 19300 ||| Stepping ~*~*~tactically~*~*~ (stealth).
 19315 | D:14     | Identified the +9 flail of Sunlight {spect, rElec rC+
                  | Will+++ Stlth+}
 19321 | D:14     | 19321 ||| Stepping ~*~*~tactically~*~*~ (hiding).
 19396 | D:14     | 19396 ||| Stepping ~*~*~tactically~*~*~ (stealth).
 19399 | D:14     | 19399 ||| Stepping ~*~*~tactically~*~*~ (stealth).
 19488 | D:14     | 19488 ||| Stepping ~*~*~tactically~*~*~ (stealth).
 19489 | D:14     | 19489 ||| Stepping ~*~*~tactically~*~*~ (stealth).
 19573 | D:14     | Found a gate to the Vaults.
 19641 | D:14     | Received a gift from Okawaru
 19790 | D:14     | 19790 ||| UPGRADING to +0 tower shield.
 19800 | D:14     | 19800 ||| DROPPING +2 kite shield.
 19818 | D:15     | Entered Level 15 of the Dungeon
 19819 | D:15     | 19819 ||| INVOKING Heroism.
 19840 | D:15     | Received a gift from Okawaru
 19847 | D:15     | Noticed Roxanne
 19848 | D:15     | 19848 ||| INVOKING Finesse.
 19857 | D:15     | 19857 ||| Stepping ~*~*~tactically~*~*~ (stealth).
 19859 | D:15     | 19859 ||| Stepping ~*~*~tactically~*~*~ (hiding).
 19869 | D:15     | 19869 ||| Stepping ~*~*~tactically~*~*~ (hiding).
 19873 | D:15     | Identified the +1 robe of Jugichue {Rampage +Blink rPois
                  | Dex-5} (Okawaru gifted it to you on level 15 of the
                  | Dungeon)
 19873 | D:15     | Received a gift from Okawaru
 19885 | D:15     | 19885 ||| INVOKING Heroism.
 19993 | D:15     | 19993 ||| INVOKING Heroism.
 19994 | D:15     | 19994 ||| INVOKING Finesse.
 20007 | D:15     | Killed Roxanne
 20241 | D:15     | Reached XP level 16. HP: 78/101 MP: 23/23
 20247 | D:15     | 20247 ||| Stepping ~*~*~tactically~*~*~ (hiding).
 20252 | D:15     | 20252 ||| Stepping ~*~*~tactically~*~*~ (hiding).
 20331 | D:15     | Identified the +1 ring mail "Oseydo" {Int+4}
 20355 | D:15     | 20355 ||| Stepping ~*~*~tactically~*~*~ (hiding).
 20367 | D:15     | 20367 ||| INVOKING Heroism.
 20570 | D:15     | 20570 ||| Stepping ~*~*~tactically~*~*~ (hiding).
 20580 | D:15     | 20580 ||| INVOKING Heroism.
 20595 | D:15     | 20595 ||| Stepping ~*~*~tactically~*~*~ (hiding).
 20596 | D:15     | 20596 ||| Stepping ~*~*~tactically~*~*~ (hiding).
 20604 | D:15     | 20604 ||| INVOKING Finesse.
 20630 | D:15     | 20630 ||| Stepping ~*~*~tactically~*~*~ (stealth).
 20634 | D:15     | 20634 ||| Stepping ~*~*~tactically~*~*~ (stealth).
 20640 | D:15     | Reached skill level 15 in Shields
 20721 | D:15     | Found a staircase to the Depths.
 20751 | D:15     | 20751 ||| PLANNING ORC
 20832 | Orc:1    | Entered Level 1 of the Orcish Mines
 20893 | Orc:2    | Entered Level 2 of the Orcish Mines
 20893 | Orc:2    | Noticed Nessos
 20894 | Orc:2    | 20894 ||| INVOKING Finesse.
 20898 | Orc:2    | 20898 ||| INVOKING Heroism.
 20907 | Orc:2    | Killed Nessos
 20952 | Orc:2    | Found Qutusoor's General Store.
 20965 | Orc:2    | Found Raohuuxuo's Antique Weapon Boutique.
 21024 | Orc:2    | Found Quaton's Book Boutique.
 21120 | Orc:2    | Noticed Rupert
 21121 | Orc:2    | 21121 ||| INVOKING Heroism.
 21122 | Orc:2    | 21122 ||| INVOKING Finesse.
 21126 | Orc:2    | Killed Rupert
 21165 | Orc:2    | Found a staircase to the Elven Halls.
 21197 | Orc:2    | 21197 ||| INVOKING Heroism.
 21198 | Orc:2    | 21198 ||| INVOKING Finesse.
 21224 | Orc:2    | Received a gift from Okawaru
 21348 | Orc:2    | 21348 ||| Stepping ~*~*~tactically~*~*~ (hiding).
 21401 | Orc:1    | Noticed Sonja
 21402 | Orc:1    | Killed Sonja
 21418 | Orc:1    | 21418 ||| Stepping ~*~*~tactically~*~*~ (hiding).
 21423 | Orc:1    | 21423 ||| Stepping ~*~*~tactically~*~*~ (hiding).
 21424 | Orc:1    | 21424 ||| Stepping ~*~*~tactically~*~*~ (hiding).
 21463 | Orc:1    | Noticed Erolcha
 21464 | Orc:1    | 21464 ||| Stepping ~*~*~tactically~*~*~ (hiding).
 21472 | Orc:1    | Killed Erolcha
 21485 | Orc:1    | 21485 ||| Stepping ~*~*~tactically~*~*~ (stealth).
 21487 | Orc:1    | 21487 ||| Stepping ~*~*~tactically~*~*~ (hiding).
 21488 | Orc:1    | 21488 ||| Stepping ~*~*~tactically~*~*~ (hiding).
 21524 | Orc:1    | 21524 ||| Stepping ~*~*~tactically~*~*~ (stealth).
 21525 | Orc:1    | 21525 ||| Stepping ~*~*~tactically~*~*~ (stealth).
 21527 | Orc:1    | 21527 ||| Stepping ~*~*~tactically~*~*~ (hiding).
 21528 | Orc:1    | 21528 ||| Stepping ~*~*~tactically~*~*~ (hiding).
 21878 | Orc:2    | 21878 ||| INVOKING Heroism.
 22117 | Orc:2    | Found Fudomp's Antique Armour Boutique.
 22219 | Orc:2    | 22219 ||| PLANNING SNAKE:1-3
 22310 | Snake:1  | Entered Level 1 of the Snake Pit
 22334 | Snake:1  | 22334 ||| READING scroll of brand weapon.
 22334 | Snake:1  | 22334 ||| BRANDING +4 broad axe of flaming.
 22347 | Snake:1  | 22347 ||| Stepping ~*~*~tactically~*~*~ (stealth).
 22349 | Snake:1  | 22349 ||| Stepping ~*~*~tactically~*~*~ (hiding).
 22378 | Snake:1  | 22378 ||| Stepping ~*~*~tactically~*~*~ (hiding).
 22443 | Snake:1  | 22443 ||| Stepping ~*~*~tactically~*~*~ (hiding).
 22444 | Snake:1  | 22444 ||| Stepping ~*~*~tactically~*~*~ (stealth).
 22445 | Snake:1  | 22445 ||| Stepping ~*~*~tactically~*~*~ (stealth).
 22529 | Snake:1  | 22529 ||| Stepping ~*~*~tactically~*~*~ (hiding).
 22543 | Snake:1  | 22543 ||| Stepping ~*~*~tactically~*~*~ (hiding).
 22544 | Snake:1  | 22544 ||| Stepping ~*~*~tactically~*~*~ (hiding).
 22565 | Snake:1  | 22565 ||| INVOKING Heroism.
 22599 | Snake:1  | 22599 ||| Stepping ~*~*~tactically~*~*~ (hiding).
 22617 | Snake:1  | 22617 ||| DROPPING +0 mace.
 22655 | Snake:1  | 22655 ||| Stepping ~*~*~tactically~*~*~ (stealth).
 22702 | Snake:1  | 22702 ||| Stepping ~*~*~tactically~*~*~ (hiding).
 22705 | Snake:1  | 22705 ||| Stepping ~*~*~tactically~*~*~ (hiding).
 22707 | Snake:1  | 22707 ||| Stepping ~*~*~tactically~*~*~ (hiding).
 22712 | Snake:1  | Received a gift from Okawaru
 22757 | Snake:1  | 22757 ||| Stepping ~*~*~tactically~*~*~ (stealth).
 22759 | Snake:1  | 22759 ||| INVOKING Heroism.
 22765 | Snake:1  | 22765 ||| Stepping ~*~*~tactically~*~*~ (stealth).
 22890 | Snake:1  | 22890 ||| Stepping ~*~*~tactically~*~*~ (hiding).
 22891 | Snake:1  | 22891 ||| Stepping ~*~*~tactically~*~*~ (hiding).
 23055 | Snake:1  | 23055 ||| Stepping ~*~*~tactically~*~*~ (stealth).
 23084 | Snake:1  | 23084 ||| Stepping ~*~*~tactically~*~*~ (hiding).
 23091 | Snake:1  | 23091 ||| INVOKING Heroism.
 23398 | Snake:1  | Noticed Nikola
 23399 | Snake:1  | 23399 ||| Stepping ~*~*~tactically~*~*~ (hiding).
 23402 | Snake:1  | 23402 ||| INVOKING Heroism.
 23406 | Snake:1  | 23406 ||| Stepping ~*~*~tactically~*~*~ (hiding).
 23407 | Snake:1  | 23407 ||| Stepping ~*~*~tactically~*~*~ (hiding).
 23414 | Snake:1  | HP: 19/101 [Nikola/arc of chain lightning (82)]
 23415 | Snake:1  | 23415 ||| READING 8 scrolls of teleportation.
 23416 | Snake:1  | 23416 ||| DRINKING 7 potions of heal wounds.
 23420 | Snake:1  | Killed Nikola
 23420 | Snake:1  | Received a gift from Okawaru
 23421 | Snake:1  | Reached skill level 12 in Armour
 23707 | Snake:1  | 23707 ||| Stepping ~*~*~tactically~*~*~ (stealth).
 23883 | Snake:1  | 23883 ||| INVOKING Heroism.
 23900 | Snake:1  | 23900 ||| Stepping ~*~*~tactically~*~*~ (hiding).
 23904 | Snake:1  | 23904 ||| Stepping ~*~*~tactically~*~*~ (hiding).
 23905 | Snake:1  | 23905 ||| Stepping ~*~*~tactically~*~*~ (hiding).
 23907 | Snake:1  | 23907 ||| Stepping ~*~*~tactically~*~*~ (hiding).
 24222 | Snake:2  | Reached XP level 17. HP: 106/106 MP: 24/24
 24245 | Snake:2  | Found Sonak's Magic Scroll Boutique.
 24264 | Snake:2  | 24264 ||| Stepping ~*~*~tactically~*~*~ (hiding).
 24295 | Snake:2  | 24295 ||| Stepping ~*~*~tactically~*~*~ (stealth).
 24458 | Snake:2  | 24458 ||| Stepping ~*~*~tactically~*~*~ (hiding).
 24469 | Snake:2  | 24469 ||| Stepping ~*~*~tactically~*~*~ (hiding).
 24521 | Snake:2  | 24521 ||| Stepping ~*~*~tactically~*~*~ (stealth).
 24647 | Snake:2  | Received a gift from Okawaru
 24812 | Snake:2  | 24812 ||| Stepping ~*~*~tactically~*~*~ (hiding).
 24817 | Snake:2  | 24817 ||| Stepping ~*~*~tactically~*~*~ (hiding).
 24824 | Snake:2  | 24824 ||| Stepping ~*~*~tactically~*~*~ (hiding).
 24827 | Snake:2  | 24827 ||| Stepping ~*~*~tactically~*~*~ (hiding).
 24848 | Snake:2  | 24848 ||| Stepping ~*~*~tactically~*~*~ (stealth).
 24849 | Snake:2  | 24849 ||| Stepping ~*~*~tactically~*~*~ (stealth).
 24989 | Snake:2  | 24989 ||| INVOKING Heroism.
 25290 | Snake:2  | 25290 ||| Stepping ~*~*~tactically~*~*~ (hiding).
 25308 | Snake:2  | Identified the +9 battleaxe "Giossol" {venom, rN+} (Okawaru
                  | gifted it to you on level 2 of the Snake Pit)
 25308 | Snake:2  | Received a gift from Okawaru
 25348 | Snake:3  | Found Ylyism's Assorted Antiques.
 25353 | Snake:3  | 25353 ||| BUYING potion of attraction (114 gold).
 25353 | Snake:3  | Bought a potion of attraction for 114 gold pieces
 25353 | Snake:3  | 25353 ||| BUYING scorched jade ring (190 gold).
 25353 | Snake:3  | Bought a scorched jade ring for 190 gold pieces
 25353 | Snake:3  | Identified the ring of Katips {rPois Will+} (You bought it
                  | in a shop on level 3 of the Snake Pit)
 25353 | Snake:3  | 25353 ||| BUYING scroll of enchant armour (285 gold).
 25353 | Snake:3  | Bought a scroll of enchant armour for 285 gold pieces
 25353 | Snake:3  | 25353 ||| BUYING wand of digging (6) (957 gold).
 25353 | Snake:3  | Bought a wand of digging (6) for 957 gold pieces
 25353 | Snake:3  | 25353 ||| READING scroll of enchant armour.
 25353 | Snake:3  | 25353 ||| ENCHANTING +0 cloak of preservation.
 25384 | Snake:3  | 25384 ||| Stepping ~*~*~tactically~*~*~ (hiding).
 25391 | Snake:3  | 25391 ||| Stepping ~*~*~tactically~*~*~ (hiding).
 25399 | Snake:3  | 25399 ||| Stepping ~*~*~tactically~*~*~ (hiding).
 25400 | Snake:3  | 25400 ||| Stepping ~*~*~tactically~*~*~ (stealth).
 25513 | Snake:3  | Found Cotob's Book Boutique.
 25526 | Snake:3  | 25526 ||| Stepping ~*~*~tactically~*~*~ (hiding).
 25527 | Snake:3  | 25527 ||| Stepping ~*~*~tactically~*~*~ (hiding).
 25528 | Snake:3  | 25528 ||| Stepping ~*~*~tactically~*~*~ (hiding).
 25532 | Snake:3  | 25532 ||| INVOKING Heroism.
 25595 | Snake:3  | 25595 ||| INVOKING Heroism.
 25670 | Snake:3  | Identified the +9 short sword of the Dead {heavy, Dex+2}
 25675 | Snake:3  | 25675 ||| INVOKING Heroism.
 25687 | Snake:3  | Found Etrunalo's Armour Emporium.
 25750 | Snake:3  | 25750 ||| INVOKING Heroism.
 26242 | Snake:3  | 26242 ||| Stepping ~*~*~tactically~*~*~ (hiding).
 26251 | Snake:3  | 26251 ||| INVOKING Heroism.
 26259 | Snake:3  | 26259 ||| Stepping ~*~*~tactically~*~*~ (hiding).
 26289 | Snake:3  | 26289 ||| Stepping ~*~*~tactically~*~*~ (hiding).
 26302 | Snake:3  | 26302 ||| DROPPING +0 flail.
 26307 | Snake:3  | Identified the +1 helmet of Zin's Whim {-Cast rN++ Will+
                  | Str+2}
 26388 | Snake:3  | 26388 ||| Stepping ~*~*~tactically~*~*~ (hiding).
 26681 | Snake:3  | Found Ilatiqel's Distillery.
 26690 | Snake:3  | 26690 ||| BUYING potion of curing (39 gold).
 26690 | Snake:3  | Bought a potion of curing for 39 gold pieces
 26690 | Snake:3  | 26690 ||| BUYING potion of curing (39 gold).
 26690 | Snake:3  | Bought a potion of curing for 39 gold pieces
 26690 | Snake:3  | 26690 ||| BUYING potion of haste (130 gold).
 26690 | Snake:3  | Bought a potion of haste for 130 gold pieces
 26690 | Snake:3  | 26690 ||| BUYING potion of heal wounds (65 gold).
 26690 | Snake:3  | Bought a potion of heal wounds for 65 gold pieces
 26690 | Snake:3  | 26690 ||| BUYING potion of might (52 gold).
 26690 | Snake:3  | Bought a potion of might for 52 gold pieces
 26690 | Snake:3  | 26690 ||| BUYING potion of resistance (130 gold).
 26690 | Snake:3  | Bought a potion of resistance for 130 gold pieces
 26808 | Snake:3  | 26808 ||| Stepping ~*~*~tactically~*~*~ (hiding).
 26900 | Snake:3  | 26900 ||| PLANNING SHOALS:1-3
 26900 | Snake:3  | 26900 ||| DROPPING ring of Katips {rPois Will+}.
 26963 | Snake:2  | Noticed Vashnia
 26964 | Snake:2  | 26964 ||| INVOKING Heroism.
 26973 | Snake:2  | Killed Vashnia
 27244 | Shoals:1 | Entered Level 1 of the Shoals
 27244 | Shoals:1 | Noticed Zipteul's ghost (adept NaBe)
 27244 | Shoals:1 | Found a transporter.
 27244 | Shoals:1 | Found a transporter.
 27244 | Shoals:1 | Found a frozen archway.
 27245 | Shoals:1 | 27245 ||| INVOKING Heroism.
 27255 | Shoals:1 | Received a gift from Okawaru
 27258 | Shoals:1 | 27258 ||| INVOKING Finesse.
 27270 | Shoals:1 | 27270 ||| INVOKING Heroism.
 27326 | Shoals:1 | 27326 ||| Stepping ~*~*~tactically~*~*~ (hiding).
 27329 | Shoals:1 | 27329 ||| Stepping ~*~*~tactically~*~*~ (hiding).
 27330 | Shoals:1 | 27330 ||| Stepping ~*~*~tactically~*~*~ (hiding).
 27331 | Shoals:1 | 27331 ||| Stepping ~*~*~tactically~*~*~ (hiding).
 27332 | Shoals:1 | 27332 ||| Stepping ~*~*~tactically~*~*~ (hiding).
 27333 | Shoals:1 | 27333 ||| Stepping ~*~*~tactically~*~*~ (hiding).
 27334 | Shoals:1 | 27334 ||| Stepping ~*~*~tactically~*~*~ (hiding).
 27336 | Shoals:1 | 27336 ||| Stepping ~*~*~tactically~*~*~ (hiding).
 27458 | Shoals:1 | Found Cycodits's Assorted Antiques.
 27463 | Shoals:1 | 27463 ||| Stepping ~*~*~tactically~*~*~ (hiding).
 27487 | Shoals:1 | 27487 ||| BUYING potion of attraction (93 gold).
 27487 | Shoals:1 | Bought a potion of attraction for 93 gold pieces
 27487 | Shoals:1 | 27487 ||| BUYING potion of attraction (93 gold).
 27487 | Shoals:1 | Bought a potion of attraction for 93 gold pieces
 27487 | Shoals:1 | 27487 ||| SHOPLISTING potion of curing (93 gold, have 46).
 27487 | Shoals:1 | 27487 ||| SHOPLISTING scroll of teleportation (93 gold,
                  | have 46).
 27498 | Shoals:1 | Noticed a kraken
 27509 | Shoals:1 | Killed a kraken
 27613 | Shoals:1 | 27613 ||| INVOKING Heroism.
 27650 | Shoals:1 | Reached XP level 18. HP: 114/114 MP: 25/25
 27650 | Shoals:1 | 27650 ||| DROPPING +1 flail of draining.
 27713 | Shoals:1 | 27713 ||| Stepping ~*~*~tactically~*~*~ (hiding).
 27722 | Shoals:1 | Reached skill level 18 in Axes
 27828 | Shoals:1 | You are sucked into a shaft and drop 1 floor!
 27829 | Shoals:2 | 27829 ||| Stepping ~*~*~tactically~*~*~ (hiding).
 27844 | Shoals:2 | Noticed Polyphemus
 27845 | Shoals:2 | 27845 ||| INVOKING Heroism.
 27846 | Shoals:2 | 27846 ||| INVOKING Finesse.
 27876 | Shoals:2 | Killed Polyphemus
 27876 | Shoals:2 | Received a gift from Okawaru
 28357 | Shoals:2 | 28357 ||| INVOKING Heroism.
 28358 | Shoals:2 | 28358 ||| INVOKING Finesse.
 28432 | Shoals:2 | 28432 ||| READING scroll of enchant armour.
 28432 | Shoals:2 | 28432 ||| ENCHANTING +1 cloak of preservation.
 28459 | Shoals:2 | 28459 ||| Stepping ~*~*~tactically~*~*~ (hiding).
 28497 | Shoals:2 | 28497 ||| INVOKING Heroism.
 28498 | Shoals:2 | 28498 ||| INVOKING Finesse.
 28669 | Shoals:2 | Found Uhonu's Visitors' Centre.
 28670 | Shoals:2 | 28670 ||| INVOKING Heroism.
 28890 | Shoals:2 | Found Uhonu's Merfolk Weapons.
 28890 | Shoals:2 | Found Uhonu's Merfolk Armours.
 28893 | Shoals:2 | 28893 ||| SHOPLISTING +4 ring of protection (720 gold, have
                  | 167).
 28898 | Shoals:2 | 28898 ||| SHOPLISTING scroll of teleportation (300 gold,
                  | have 167).
 28919 | Shoals:2 | 28919 ||| INVOKING Heroism.
 29018 | Shoals:2 | 29018 ||| Stepping ~*~*~tactically~*~*~ (hiding).
 29021 | Shoals:2 | 29021 ||| Stepping ~*~*~tactically~*~*~ (hiding).
 29022 | Shoals:2 | 29022 ||| Stepping ~*~*~tactically~*~*~ (hiding).
 29023 | Shoals:2 | 29023 ||| Stepping ~*~*~tactically~*~*~ (hiding).
 29197 | Shoals:2 | 29197 ||| Stepping ~*~*~tactically~*~*~ (hiding).
 29336 | Shoals:2 | 29336 ||| INVOKING Heroism.
 29357 | Shoals:2 | Reached skill level 18 in Shields
 29408 | Shoals:3 | 29408 ||| INVOKING Heroism.
 29465 | Shoals:3 | 29465 ||| INVOKING Heroism.
 29508 | Shoals:3 | Found Gubraucw's Armour Emporium.
 29520 | Shoals:3 | 29520 ||| READING scroll of enchant weapon.
 29520 | Shoals:3 | 29520 ||| ENCHANTING +4 broad axe of freezing.
 29741 | Shoals:3 | 29741 ||| Stepping ~*~*~tactically~*~*~ (hiding).
 29744 | Shoals:3 | 29744 ||| Stepping ~*~*~tactically~*~*~ (hiding).
 29745 | Shoals:3 | 29745 ||| Stepping ~*~*~tactically~*~*~ (hiding).
 29772 | Shoals:3 | 29772 ||| INVOKING Heroism.
 29908 | Shoals:3 | 29908 ||| INVOKING Heroism.
 29909 | Shoals:3 | 29909 ||| INVOKING Finesse.
 30296 | Shoals:3 | 30296 ||| PLANNING SNAKE:4
 30494 | Snake:4  | Entered Level 4 of the Snake Pit
 30495 | Snake:4  | 30495 ||| INVOKING Heroism.
 30500 | Snake:4  | Received a gift from Okawaru
 30602 | Snake:4  | 30602 ||| FLEEEEING.
 30610 | Snake:4  | 30610 ||| INVOKING Heroism.
 30612 | Snake:4  | Reached skill level 15 in Fighting
 30620 | Snake:4  | 30620 ||| Stepping ~*~*~tactically~*~*~ (hiding).
 30622 | Snake:4  | 30622 ||| Stepping ~*~*~tactically~*~*~ (hiding).
 30623 | Snake:4  | 30623 ||| Stepping ~*~*~tactically~*~*~ (hiding).
 30628 | Snake:4  | 30628 ||| Stepping ~*~*~tactically~*~*~ (hiding).
 30632 | Snake:4  | Identified the staff of fire "Paofurep" {rF+ Str+3}
 30633 | Snake:4  | Identified the scarf "Renix" {+Inv, rF+} (Okawaru gifted it
                  | to you on level 4 of the Snake Pit)
 30633 | Snake:4  | Received a gift from Okawaru
 30677 | Snake:4  | 30677 ||| READING scroll of acquirement.
 30677 | Snake:4  | 30677 ||| ACQUIRING 1023 gold pieces
 30677 | Snake:4  | Acquired 1023 gold pieces
 30694 | Snake:4  | 30694 ||| Stepping ~*~*~tactically~*~*~ (hiding).
 30806 | Snake:4  | 30806 ||| Stepping ~*~*~tactically~*~*~ (hiding).
 30816 | Snake:4  | 30816 ||| Stepping ~*~*~tactically~*~*~ (hiding).
 30820 | Snake:4  | 30820 ||| Stepping ~*~*~tactically~*~*~ (stealth).
 30821 | Snake:4  | 30821 ||| INVOKING Heroism.
 30827 | Snake:4  | 30827 ||| Stepping ~*~*~tactically~*~*~ (hiding).
 30829 | Snake:4  | 30829 ||| Stepping ~*~*~tactically~*~*~ (hiding).
 30836 | Snake:4  | 30836 ||| Stepping ~*~*~tactically~*~*~ (hiding).
 30837 | Snake:4  | 30837 ||| Stepping ~*~*~tactically~*~*~ (hiding).
 30845 | Snake:4  | 30845 ||| Stepping ~*~*~tactically~*~*~ (hiding).
 30846 | Snake:4  | 30846 ||| Stepping ~*~*~tactically~*~*~ (hiding).
 30862 | Snake:4  | 30862 ||| INVOKING Heroism.
 30872 | Snake:4  | 30872 ||| Stepping ~*~*~tactically~*~*~ (hiding).
 30879 | Snake:4  | 30879 ||| Stepping ~*~*~tactically~*~*~ (hiding).
 30884 | Snake:4  | Reached XP level 19. HP: 89/124 MP: 26/26
 30884 | Snake:4  | 30884 ||| Stepping ~*~*~tactically~*~*~ (hiding).
 30918 | Snake:4  | HP: 29/124 [salamander/+2 spear (9)]
 30919 | Snake:4  | 30919 ||| READING 11 scrolls of teleportation.
 30919 | Snake:4  | HP: 10/124 [salamander/+2 spear (13)]
 30919 | Snake:4  | HP: 2/124 [salamander mystic/bolt of magma (8)]
 30919 | Snake:4  | Constricted to death by a naga warrior

Levels and vault maps discovered:
D:1:      wander_arrival_chamber, layout_rooms
D:2:      layout_loops_ring, basic_altar
D:3:      layout_basic, lightli_temple_of_fire,
          dreamdust_ecumenical_altar_angels_and_demons, minivault_14,
          kennysheep_generic_room_16, uniq_robin
D:4:      layout_rooms, minmay_temple_entry_poolview, mrwooster_statue_mirror
D:5:      layout_loops_ring, serial_shops, shop, kennysheep_cross_room,
          minmay_checkerbox
D:6:      layout_rooms, dk_rats_in_the_wall, uniq_crazy_yiuf_cottage,
          uniq_duvessa
D:7:      layout_gridville, nzn_wu_jian_council_hall,
          mainiacjoe_overflow_catwalk_spiral
D:8:      layout_loops_cross, grunt_dithmenos_smoke_and_mirrors, serial_undead,
          serial_undead_c, serial_undead_b, serial_undead_e, serial_undead_c,
          serial_undead_a, serial_undead_e, serial_undead_a, serial_undead_f,
          uniq_joseph
D:9:      layout_irregular_city
D:10:     layout_long_grid, fedhas_altar_3, minmay_lair_entry_grove,
          uniq_harold, uniq_josephine
D:11:     layout_rooms, orc_0_dummy, uniq_snorg
D:12:     lemuel_bear_cage, layout_grid_maze
D:13:     minmay_the_grid_triangle_9x9_rhombus_full_mashed
          [minmay_the_grid_triangle_9x9_impossible_snake,
          minmay_the_grid_triangle_9x9_corruption,
          minmay_the_grid_triangle_9x9_steps,
          minmay_the_grid_triangle_9x9_zippers_vertical,
          minmay_the_grid_triangle_9x9_odd_lines,
          minmay_the_grid_triangle_9x9_minimal,
          minmay_the_grid_triangle_9x9_tough_junction,
          minmay_the_grid_triangle_9x9_prize_special], layout_layer_cave,
          gauntlet_entry_generic, chequers_serial_rivers_small_b,
          kennysheep_generic_room_13
D:14:     layout_cave_pools, grunt_vaults_entry_tiered,
          corexii_leaking_fountain, uniq_kirke, uniq_louise
D:15:     hangedman_depths_entry_civil_slaughter, layout_rooms,
          grunt_ministairs_9, minmay_stone_trees_medium, uniq_roxanne
Temple:   eino_temple_scatter_basement
Lair:1:   layout_cave_pods
Lair:2:   layout_layer_cave, gammafunk_ghost_abyssal_escape,
          nicolae_lair_grazing_beasts [nicolae_sub_lair_graze_edge,
          nicolae_sub_lair_graze_edge, nicolae_sub_lair_graze_edge,
          nicolae_sub_lair_graze_edge]
Lair:3:   layout_layer_cave, elwin_shoals_entry_stream,
          minmay_snake_entry_spellcaster, serial_bayou_pond_b
Lair:4:   layout_concentric_octagons, chequers_serial_rivers_micro_b,
          serial_bayou_shore_a
Lair:5:   guppyfry_lair_end_dragon, layout_regular_city, slime_entry_1
Shoals:1: layout_shoals, serial_shops, shop,
          portal_ice_cave_entry_pillars_three, ebering_ghost_davey_jones
Shoals:2: nicolae_shoals_mermall, layout_shoals,
          nicolae_shoals_siren_and_animal_friends, uniq_polyphemus
Shoals:3: layout_shoals, serial_shops, shop_statue
Snake:1:  cheibrodos_snake_lava_hold, layout_layer_cave,
          nicolae_snake_ghostly_warrior_ritual, uniq_nikola
Snake:2:  layout_concentric_octagons, serial_shops, shop,
          nicolae_elevator_lobby_plus, uniq_vashnia
Snake:3:  layout_gridlike, serial_shops, shop, nicolae_shop_getting_attention,
          nicolae_square_shop, nicolae_lakefront_shop, nicolae_snake_boneroom,
          nicolae_integral_box
Snake:4:  johnstein_snake_rune_scales, layout_rooms, serial_shops,
          nicolae_shop_industrial_runoff
Orc:1:    layout_diamond_mine, uniq_sonja, uniq_erolcha
Orc:2:    grunt_orc_cross, layout_caves, kennysheep_orc_chapel, uniq_nessos,
          uniq_rupert

Skill      XL: |  1  2  3  4  5  6  7  8  9 10 11 12 13 14 15 16 17 18 |
---------------+-------------------------------------------------------+-----
Axes           | 2 3 4 5 6 7 8 10 11 13 14 15 16 17 18 | 18.0
Fighting       | 4 6 7 8 9 11 12 13 15 | 15.0
Armour         | 4 5 6 7 8 10 11 12 13 14 | 14.7
Dodging        | 1 2 3 4 5 |  5.0
Throwing       | 2 4 6 7 |  7.0
Shields        | 4 5 6 7 10 14 17 18 | 18.5
Invocations    | 4 8 9 10 | 10.0

Action                     |  1- 3 |  4- 6 |  7- 9 | 10-12 | 13-15 | 16-18 | 19-21 || total
---------------------------+-------+-------+-------+-------+-------+-------+-------++-------
  Melee: War axe           |   102 |   155 |   371 |    28 |       |       |       ||   656
         Broad axe         |       |       |       |   243 |   660 |  1029 |    30 ||  1962
  Throw: Boomerang         |       |       |    32 |    67 |    83 |    33 |       ||   215
         Javelin           |       |       |       |       |   135 |   143 |       ||   278
 Invoke: Heroism           |       |       |       |     8 |    21 |    35 |       ||    64
         Finesse           |       |       |       |       |     5 |     9 |       ||    14
  Evoke: Wand              |       |       |       |       |     2 |       |       ||     2
    Use: Scroll            |     5 |    10 |     3 |    13 |     7 |     6 |     1 ||    45
         Potion            |       |     2 |     1 |     1 |     2 |     1 |       ||     7
   Stab: Confused          |       |       |       |       |     2 |       |       ||     2
         Distracted        |       |       |       |       |       |     1 |       ||     1
         Petrifying        |       |       |       |       |       |     5 |       ||     5
         Petrified         |       |       |       |       |       |     2 |       ||     2
 Armour: Scale mail        |    16 |       |       |       |       |       |       ||    16
         Chain mail        |    31 |   100 |       |       |       |       |       ||   131
         Plate armour      |       |    27 |   318 |   177 |   286 |   278 |    10 ||  1096
  Dodge: Dodged            |    28 |    53 |   114 |    80 |   196 |   134 |     2 ||   607
  Block: Buckler           |    17 |    42 |   113 |    83 |   119 |       |       ||   374
         Kite shield       |       |       |       |       |   122 |       |       ||   122
         Tower shield      |       |       |       |       |    50 |   893 |    48 ||   991
         Reflection        |       |       |       |       |     8 |   129 |     6 ||   143

Table legend:
 A = Non-vault XP
 B = Vault XP
 C = Vault XP percentage of total XP
 D = Non-vault monster count
 E = Vault monster count
 F = Vault count percentage of total count
                 A         B        C        D         E       F
            +---------+---------+-------+---------+---------+-------
      Total |  199719 |  111755 |  35.9 |     657 |     305 |  31.7
            +---------+---------+-------+---------+---------+-------
        D:1 |      49 |       0 |   0.0 |      19 |       0 |   0.0
        D:2 |      50 |      21 |  29.6 |      18 |       4 |  18.2
        D:3 |      30 |      24 |  44.4 |      11 |      12 |  52.2
        D:4 |     192 |       0 |   0.0 |      14 |       0 |   0.0
        D:5 |    1380 |     238 |  14.7 |      26 |       4 |  13.3
        D:6 |    1241 |     304 |  19.7 |      20 |      23 |  53.5
        D:7 |    1614 |       0 |   0.0 |      27 |       0 |   0.0
        D:8 |    1041 |    1841 |  63.9 |       9 |      12 |  57.1
        D:9 |    1273 |       0 |   0.0 |      13 |       0 |   0.0
       D:10 |    1401 |    5197 |  78.8 |      14 |      20 |  58.8
       D:11 |    3815 |     959 |  20.1 |      18 |       1 |   5.3
       D:12 |    3252 |       0 |   0.0 |      23 |       0 |   0.0
       D:13 |    8650 |    7480 |  46.4 |      23 |      14 |  37.8
       D:14 |    5226 |   12008 |  69.7 |      12 |      33 |  73.3
       D:15 |   18951 |    7237 |  27.6 |      35 |      14 |  28.6
     Lair:1 |    4430 |       0 |   0.0 |      13 |       0 |   0.0
     Lair:2 |    4604 |     812 |  15.0 |      20 |       4 |  16.7
     Lair:3 |    8744 |    2299 |  20.8 |      19 |       6 |  24.0
     Lair:4 |    5861 |       0 |   0.0 |      22 |       0 |   0.0
     Lair:5 |    4854 |    4652 |  48.9 |      20 |      20 |  50.0
   Shoals:1 |   15833 |       0 |   0.0 |      29 |       0 |   0.0
   Shoals:2 |    7658 |   12726 |  62.4 |      15 |      22 |  59.5
   Shoals:3 |   18622 |       0 |   0.0 |      36 |       0 |   0.0
    Snake:1 |   10126 |   15701 |  60.8 |      22 |      21 |  48.8
    Snake:2 |   22709 |    6529 |  22.3 |      48 |       6 |  11.1
    Snake:3 |   17922 |    6655 |  27.1 |      33 |      16 |  32.7
    Snake:4 |   25480 |    9515 |  27.2 |      47 |      16 |  25.4
      Orc:1 |    1664 |    1620 |  49.3 |      25 |       2 |   7.4
      Orc:2 |    3047 |   10848 |  78.1 |      26 |      43 |  62.3
   Gauntlet |       0 |    5089 | 100.0 |       0 |      12 | 100.0
            +---------+---------+-------+---------+---------+-------
